 Dungeon Crawl Stone Soup version 0.30-a0-358-g0d69a1922f (webtiles) character file.

Game seed: 3063136394771723782

59315 avis the Severer (level 14, 0/121 HPs)
             Began as a Hill Orc Monk on Nov 9, 2022.
             Was the Champion of Beogh.
             Slain by a tentacled starspawn (25 damage)
             ... on level 1 of the Abyss on Nov 10, 2022.
             The game lasted 02:42:41 (22541 turns).

avis the Severer (Hill Orc Monk)                   Turns: 22541, Time: 02:42:43

Health: 0/121      AC: 35    Str: 19    XL:     14   Next: 94%
Magic:  23/23      EV:  9    Int: 16    God:    Beogh [******]
Gold:   1196       SH: 14    Dex: 13    Spells: 13/13 levels left

rFire   . . .      SeeInvis .    a - +0 war axe (freeze)
rCold   . . .      Faith    .    K - +1 kite shield
rNeg    . . .      Spirit   .    A - +18 Lear's hauberk
rPois   .          Reflect  .    (helmet currently unavailable)
rElec   .          Harm     .    v - scarf {repulsion}
rCorr   .          Rampage  .    (gloves currently unavailable)
Will    +....                    (boots currently unavailable)
Stlth   ..........               c - amulet of regeneration
HPRegen 1.20/turn                k - +6 ring of intelligence
MPRegen 0.18/turn                r - +4 ring of protection

@: on berserk cooldown, slowed, repel missiles, very slow
A: walk on water
a: Renounce Religion, Smiting, Recall Orcish Followers, Give Item to Named
Follower, Resurrection


You were on level 1 of the Abyss.
You worshipped Beogh.
Beogh was exalted by your worship.
You visited 3 branches of the dungeon, and saw 17 of its levels.
You visited the Abyss 1 time.
You also visited: Ossuary and Bailey.

You collected 1196 gold pieces.

Inventory:

Hand Weapons
 a - a +0 war axe of freezing (weapon)
 b - a +2 hand axe of electrocution
 H - a +4 scimitar of flaming
 N - a +2 scimitar of flaming
 V - a +0 trident
Missiles
 d - 22 javelins (quivered)
 o - 5 boomerangs
 s - 2 throwing nets
Armour
 v - a scarf of repulsion (worn)
 A - the +18 Lear's hauberk (worn)
   (You found it on level 4 of the Dungeon)
 K - a +1 kite shield (worn)
Jewellery
 c - an amulet of regeneration (around neck)
 k - a +6 ring of intelligence (left hand)
 r - a +4 ring of protection (right hand)
 J - an amulet of guardian spirit
Wands
 q - a wand of flame (21)
 u - a wand of iceblast (14)
 F - a wand of digging (3)
 T - a wand of polymorph (15)
 X - a wand of mindburst (3)
 Y - a wand of paralysis (7)
Scrolls
 e - 4 scrolls of blinking
 f - 8 scrolls of butterflies {unknown}
 g - 5 scrolls of brand weapon {unknown}
 i - 5 scrolls of magic mapping {unknown}
 p - 6 scrolls of teleportation {unknown}
 t - 3 scrolls of amnesia {unknown}
 w - a scroll of enchant weapon
 x - 6 scrolls of fear
 y - a scroll of summoning
 z - 2 scrolls of enchant armour {unknown}
 B - 3 scrolls of vulnerability {unknown}
 G - 3 scrolls of torment {unknown}
 L - a scroll of identify
 M - a scroll of immolation
 S - 3 scrolls of poison {unknown}
Potions
 h - 2 potions of resistance
 j - 2 potions of haste
 l - 2 potions of berserk rage
 m - 3 potions of might
 n - 16 potions of curing
 C - 3 potions of brilliance
 D - a potion of lignification
 E - a potion of invisibility
 I - 3 potions of magic
 O - 3 potions of flight
 R - 2 potions of cancellation
Miscellaneous
 Q - a box of beasts
 U - a lightning rod (4/4)


   Skills:
 - Level 10.0 Fighting
 - Level 16.0 Axes
 * Level 13.9 Armour
 - Level 5.0 Dodging
 - Level 1.5 Stealth
 - Level 15.0 Shields
 + Level 12.9 Invocations


You had 13 spell levels left.
You didn't know any spells.
Your spell library contained the following spells:

 Spells                   Type           Power      Damage    Failure   Level
 Beastly Appendage        Tmut           0%         N/A       95%         1
 Cigotuvi's Dreadful Rot  Necr/Pois/Air  0%         N/A       99%         2
 Ensorcelled Hibernation  Hex/Ice        0%         N/A       99%         2
 Poisonous Vapours        Pois/Air       0%         N/A       99%         2
 Wereblood                Tmut           0%         N/A       99%         2
 Mephitic Cloud           Conj/Pois/Air  0%         N/A       100%        3
 Spider Form              Tmut/Pois      0%         N/A       100%        3
 Anguish                  Hex/Necr       0%         N/A       100%        4
 Olgreb's Toxic Radiance  Pois           0%         N/A       100%        4
 Ozocubu's Refrigeration  Ice            0%         4d7       100%        7
 Ignition                 Fire           0%         3d3       100%        8


Dungeon Overview and Level Annotations

Branches:
Dungeon (11/15)            Temple (1/1) D:4            Lair (5/5) D:10
 Shoals (0/4) Lair:3        Snake (0/4) Lair:3        Slime (0/5) Lair:5
Ossuary (visited)          Bailey (visited)
    Orc: D:9-12

Altars:
Dithmenos
Qazlal
Ru
Uskayaw
Yredelemnul
Zin
Jiyva

Shops:
D:3 *   D:10 =   D:11 (

Annotations:
D:8 4 runed translucent doors


Message History

You slash the demonic crawler! You freeze the demonic crawler.
You kill the demonic crawler!
Beogh accepts your kill.
Unknown command.
You see here a demonic crawler corpse.
You slash the efreet! You freeze the efreet!
The efreet is heavily wounded.
Unknown command.
You barely miss the efreet.
The efreet is heavily wounded.
The efreet gestures at you. The bolt of fire hits you.
* * * LOW HITPOINT WARNING * * *
You barely miss the efreet.
The efreet is heavily wounded.
You slash the efreet! You freeze the efreet!
You kill the efreet!
Beogh accepts your kill.
You feel the corruption within you wane completely.
You feel a little less angry.
You feel a little more calm.
Tentacles burst from the starspawn's body! 2 starspawn tentacles come into view.
You see here a +4 scimitar of flaming.
H - a +4 scimitar of flaming You feel a strong urge to attack something.
A small abomination comes into view.
A white imp comes into view.
You are no longer berserk.
You are exhausted.
You feel yourself slow down. The starspawn tentacle grabs you.
The starspawn tentacle constricts you.
You see here a demonic crawler corpse.
You escape the starspawn tentacle's grasp.
You feel better.
You slash the tentacled starspawn! You freeze the tentacled starspawn.
The tentacled starspawn is lightly damaged.
The tentacled starspawn misses you.
The tentacled starspawn tentacle-slaps you!
* * * LOW HITPOINT WARNING * * *
The tentacled starspawn bites you!!
You die...

.. ...#...
....... ♣~ .
.... ≈≈.
.... ♣≈...
...♣♣~...
#..≈xx. .
##.~≈5x...
##XX.♣ . #
#@#..≈♣ ..
###..Xw.....
# ...~♣..X.
......≈♣...
# .##...♣ ~5
. . ##..≈♣♣≈
.## . #..~ #
# . . .


You could see a starcursed mass, a tentacled starspawn, 3 small abominations and
a quasit.

Vanquished Creatures
  Kirke (Lair:4)
  A dire elephant (Lair:5)
  A great orb of eyes (Abyss:1)
  2 hydras (Lair:2)
  A catoblepas (Lair:4)
  2 two-headed ogres
  10 death yaks
  A wretched star (Abyss:1)
  3 large abominations (Abyss:1)
  An orc knight (Bailey)
  A deep elf zephyrmancer (Bailey)
  2 oklob plants
  2 worldbinders (Abyss:1)
  10 elephants
  A black mamba (Lair:5)
  An apocalypse crab (Abyss:1)
  An unseen horror (D:11)
  9 cane toads
  A rime drake (Lair:3)
  A demonic crawler (Abyss:1)
  A freezing wraith (Abyss:1)
  A kobold demonologist (D:9)
  2 efreet (Abyss:1)
  A hellwing (Abyss:1)
  7 komodo dragons
  The ghost of ionbeam3 the Poker, an amateur NaBe of Trog (D:4)
  A troll (D:10)
  An ancient zyme (Abyss:1)
  3 hornets
  14 blink frogs
  A polar bear (Lair:3)
  A centaur simulacrum (Abyss:1)
  2 dream sheep (Lair:5)
  5 wyverns
  26 yaks
  2 hogs (Lair:4)
  5 starcursed masses (Abyss:1)
  3 wraiths
  A ynoxinul (Abyss:1)
  A basilisk (Lair:5)
  A chaos spawn (Lair:5)
  A vampire mosquito (D:10)
  A naga (Lair:3)
  Duvessa (D:5)
  6 water moccasins
  3 orc warriors (Bailey)
  2 black bears
  An ice beast (D:8)
  5 wolves
  9 centaurs
  3 small abominations
  2 phantoms
  2 elf zombies (Ossuary)
  2 kobold brigands
  9 bullfrogs
  2 gnoll sergeants
  A necrophage (D:6)
  A water moccasin zombie (D:7)
  A wyvern zombie (D:7)
  3 scorpions
  Dowan (D:5)
  3 killer bees (D:8)
  An oklob sapling (D:11)
  A howler monkey (D:6)
  A centaur zombie (D:7)
  2 hounds (D:5)
  5 jellies
  2 orc priests
  7 iguanas
  8 orc wizards
  3 hell rats (Lair:4)
  3 killer bee zombies (D:7)
  3 mummies (Ossuary)
  Robin (D:3)
  6 adders
  14 gnolls
  5 river rats
  2 shadow imps (D:6)
  A white imp (Abyss:1)
  An ufetubus (D:4)
  A worm (D:4)
  4 dart slugs
  24 orcs
  15 ball pythons
  8 bats
  3 endoplasms
  A giant cockroach (D:2)
  13 goblins
  9 hobgoblins
  7 jackals
  8 kobolds
  3 quokkas
  4 frilled lizards
  3 goblin zombies (Ossuary)
  4 hobgoblin zombies (Ossuary)
  A kobold zombie (Ossuary)
  6 rats
371 creatures vanquished.

Vanquished Creatures (collateral kills)
  A dire elephant (Lair:5)
  3 hydras
  A two-headed ogre (D:9)
  12 death yaks (Lair:5)
  A thrashing horror (Lair:5)
  A cyclops (D:11)
  9 elephants
  3 smoke demons (Lair:5)
  A black mamba (Lair:2)
  An ice statue (D:10)
  2 cane toads
  4 komodo dragons
  3 rime drakes
  A polar bear (Lair:3)
  2 hornets
  12 blink frogs
  4 dream sheep (Lair:5)
  7 small abominations (Lair:5)
  2 wyverns
  5 basilisks
  34 yaks
  2 chaos spawn (Lair:5)
  2 hogs (Lair:4)
  A steam dragon (D:6)
  A vampire mosquito (D:10)
  A naga (Lair:3)
  6 water moccasins
  2 orc warriors
  2 black bears
  A centaur (D:9)
  3 wolves
  3 bullfrogs
  2 orc wizards
  3 killer bees (D:8)
  A jelly (D:5)
  A hound (D:11)
  An orc priest (D:9)
  6 hell rats
  A howler monkey zombie (D:7)
  2 gnolls
  2 adders (D:11)
  2 river rats (Lair:2)
  2 ufetubi (D:5)
  A dart slug (D:5)
  7 orcs
  3 ball pythons (D:11)
167 creatures vanquished.

Vanquished Creatures (others)
  An orc knight (D:11)
  An anaconda skeleton (Abyss:1)
  An orc wizard (D:8)
  2 humans (Lair:4)
  A small abomination (Abyss:1)
  2 orc warriors
  An orc priest (D:9)
  9 orcs
  A hobgoblin (D:3)
  3 bushes
  19 fungi
  94 plants
  4 starspawn tentacles (Abyss:1)
139 creatures vanquished.

Grand Total: 677 creatures vanquished

Notes
Turn   | Place    | Note
-------+----------+-------------------------------------------
     0 | D:1      | avis the Hill Orc Monk began the quest for the Orb.
     0 | D:1      | Reached XP level 1. HP: 19/19 MP: 1/1
    79 | D:1      | Reached XP level 2. HP: 26/26 MP: 2/2
   176 | D:1      | Reached skill level 5 in Axes
   456 | D:1      | Reached XP level 3. HP: 31/31 MP: 3/3
  1149 | D:2      | Reached skill level 6 in Axes
  1666 | D:3      | Noticed Robin
  1887 | D:2      | Reached XP level 4. HP: 23/40 MP: 4/4
  2314 | D:3      | Killed Robin
  2410 | D:2      | Reached XP level 5. HP: 46/46 MP: 5/5
  2477 | D:3      | Became a worshipper of Beogh the Brigand
  2477 | D:3      | Reached * piety under Beogh
  2477 | D:3      | Reached ** piety under Beogh
  2478 | D:3      | Found Hujyi's Assorted Antiques.
  2544 | D:3      | Reached skill level 7 in Axes
  2615 | D:3      | Reached skill level 5 in Fighting
  2695 | D:3      | Found a glowing silver altar of Zin.
  2980 | D:3      | Reached XP level 6. HP: 54/56 MP: 6/6
  3028 | D:3      | Found a hide-covered altar of Uskayaw.
  3397 | D:4      | Reached skill level 8 in Axes
  3532 | D:4      | Found a runed translucent door.
  3534 | D:4      | Noticed ionbeam3's ghost (amateur NaBe)
  3590 | D:4      | Reached skill level 9 in Axes
  3590 | D:4      | Reached XP level 7. HP: 61/61 MP: 7/7
  3600 | D:4      | Found a staircase to the Ecumenical Temple.
  3675 | Temple   | Entered the Ecumenical Temple
  3978 | D:4      | Reached *** piety under Beogh
  3979 | D:4      | Reached skill level 10 in Axes
  4216 | D:4      | Found the +18 Lear's hauberk
  4599 | D:4      | Found a runed translucent door.
  4635 | D:4      | Killed ionbeam3's ghost
  4636 | D:4      | Reached skill level 11 in Axes
  4636 | D:4      | Reached XP level 8. HP: 20/68 MP: 8/8
  4934 | D:5      | Entered Level 5 of the Dungeon
  5051 | D:5      | Found a sand-covered staircase.
  5056 | Ossuary  | Entered an ossuary
  5056 | Ossuary  | Noticed a wraith
  5056 | Ossuary  | Noticed a wraith
  5056 | Ossuary  | Noticed a wraith
  5092 | Ossuary  | Reached skill level 12 in Axes
  5159 | Ossuary  | Noticed a wraith
  5182 | Ossuary  | Killed a wraith
  5265 | Ossuary  | Reached skill level 13 in Axes
  5741 | D:5      | Gained Marbork as an ally
  5744 | D:5      | Reached skill level 1 in Invocations
  5899 | D:5      | Noticed Duvessa
  5906 | D:5      | Noticed Dowan
  5920 | D:5      | Killed Duvessa
  5921 | D:5      | Reached XP level 9. HP: 66/75 MP: 10/10
  5923 | D:5      | Killed Dowan
  6294 | D:6      | Reached **** piety under Beogh
  6725 | D:6      | Reached skill level 14 in Axes
  7252 | D:6      | Found a stormy altar of Qazlal.
  7253 | D:6      | Found a sacrificial altar of Ru.
  7735 | D:7      | Found a flagged portal.
  7786 | Bailey   | Entered a bailey
  7859 | Bailey   | Found a large runed translucent door.
  7859 | Bailey   | Found a large runed translucent door.
  7860 | Bailey   | Noticed a deep elf zephyrmancer
  7861 | Bailey   | Noticed an orc knight
  7882 | Bailey   | HP: 4/82 [orc warrior/+0 halberd (4)]
  7883 | Bailey   | Reached skill level 5 in Invocations
  7893 | Bailey   | Killed an orc knight
  8089 | Bailey   | Reached XP level 10. HP: 92/93 MP: 14/14
  8151 | Bailey   | Killed a deep elf zephyrmancer
  8152 | Bailey   | Reached skill level 10 in Fighting
  8543 | D:7      | Found a basalt altar of Yredelemnul.
  9296 | D:8      | Found a shadowy altar of Dithmenos.
  9367 | D:8      | Found a huge runed translucent gate.
  9367 | D:8      | Found a huge runed translucent gate.
  9373 | D:8      | Found a huge runed translucent gate.
  9373 | D:8      | Noticed a manticore
  9380 | D:8      | Found a huge runed translucent gate.
 10054 | D:8      | Reached skill level 10 in Invocations
 10859 | D:9      | Noticed a kobold demonologist
 10875 | D:9      | Killed a kobold demonologist
 10879 | D:9      | Reached ***** piety under Beogh
 11067 | D:9      | Gained Bogric as an ally
 11251 | D:9      | Noticed a two-headed ogre
 11261 | D:9      | Killed a two-headed ogre
 11262 | D:9      | Reached skill level 15 in Axes
 11262 | D:9      | Reached skill level 5 in Dodging
 11262 | D:9      | Reached XP level 11. HP: 46/99 MP: 18/18
 11505 | D:9      | Noticed a two-headed ogre
 11509 | D:9      | Killed a two-headed ogre
 11549 | D:9      | Reached skill level 16 in Axes
 11553 | D:9      | Reached skill level 1 in Armour
 12540 | D:10     | Entered Level 10 of the Dungeon
 12642 | D:10     | Found a staircase to the Lair.
 12645 | D:10     | Reached skill level 1 in Shields
 12768 | D:10     | Found Fup Idgh's Jewellery Boutique.
 13035 | D:10     | Noticed a two-headed ogre
 13042 | D:10     | Killed a two-headed ogre
 13652 | Lair:1   | Entered Level 1 of the Lair of Beasts
 13663 | Lair:1   | Gained Ortolf as an ally
 13664 | Lair:1   | Reached skill level 5 in Shields
 13762 | Lair:1   | Reached skill level 5 in Armour
 13871 | Lair:1   | Identified the +1 scale mail of Midsummer {*Corrode *Slow
                  | Will+++ Stlth+}
 14368 | Lair:1   | Reached XP level 12. HP: 98/106 MP: 19/19
 15617 | Lair:2   | Noticed a four-headed hydra
 15640 | Lair:2   | Killed a six-headed hydra
 16073 | Lair:2   | Reached skill level 10 in Shields
 16124 | Lair:2   | Noticed a six-headed hydra
 16133 | Lair:2   | Killed a ten-headed hydra
 16197 | Lair:2   | Noticed a four-headed hydra
 16211 | Lair:2   | Killed an 11-headed hydra
 16886 | Lair:3   | Found a staircase to the Shoals.
 16911 | Lair:3   | Gained Wulfoc as an ally
 16994 | Lair:3   | Noticed a six-headed hydra
 17004 | Lair:3   | Killed a ten-headed hydra
 17070 | Lair:3   | Found a staircase to the Snake Pit.
 17075 | Lair:3   | Reached XP level 13. HP: 113/113 MP: 20/20
 18234 | D:11     | Found Taurpheze's Antique Weapon Boutique.
 18680 | D:11     | Your ally Wulfoc died
 19107 | Lair:4   | Noticed Kirke
 19122 | Lair:4   | Gained Bogward as an ally
 19126 | Lair:4   | Killed Kirke
 19129 | Lair:4   | Identified the +3 leather armour of Sloth {rN+++ Int-2
                  | Slay+6 SInv}
 19608 | Lair:4   | Reached skill level 10 in Armour
 20600 | Lair:5   | Entered Level 5 of the Lair of Beasts
 20745 | Lair:5   | Reached skill level 15 in Shields
 20811 | Lair:5   | Reached XP level 14. HP: 104/121 MP: 21/21
 20834 | Lair:5   | Found a viscous altar of Jiyva.
 20835 | Lair:5   | Found a staircase to the Slime Pits.
 20921 | Lair:5   | Noticed a dire elephant
 20945 | Lair:5   | Noticed a dire elephant
 20946 | Lair:5   | Killed a dire elephant
 21159 | Lair:5   | Killed a dire elephant
 21795 | Lair:5   | Reached ****** piety under Beogh
 21945 | Lair:5   | Gained Grimold as an ally
 21971 | Abyss:1  | Cast into level 1 of the Abyss (spriggan)
 22158 | Abyss:1  | Noticed a starcursed mass
 22507 | Abyss:1  | HP: 4/121 [centaur warrior simulacrum (25)]
 22517 | Abyss:1  | Noticed a tentacled starspawn
 22541 | Abyss:1  | Slain by a tentacled starspawn

Illustrated notes

Levels and vault maps discovered:
D:1:      amcnicky_arrival_feature_with_door, layout_rooms, kennysheep_boxes
D:2:      layout_loops_ring
D:3:      layout_loops_ring, amcnicky_altar_gilded,
          nicolae_uskayaw_murder_on_the_dancefloor, serial_shops,
          nicolae_shop_overgrown_old_shop, minivault_19,
          grunt_decor_mini_mirrors, grunt_ministairs_15, uniq_robin
D:4:      minmay_chambers_of_threes, layout_basic, minmay_temple_entry_slanted,
          ebering_ghost_sewer_f, palyth_stone_intersect
D:5:      minmay_spotlight, layout_basic, enter_ossuary_5, uniq_duvessa
D:6:      layout_loops_cross, gammafunk_temple_overflow_pools
D:7:      layout_basic, nicolae_yredelemnul_corpse_copse, enter_bailey_8
D:8:      lemuel_bear_cage, layout_basic, grunt_dithmenos_smoke_and_mirrors,
          minmay_crystal_room
D:9:      nicolae_cairo_tiling, layout_loops_corners, serial_bayou_pond_e,
          kennysheep_opposing_triangles
D:10:     layout_gridville, david_lair_generic, serial_shops,
          nicolae_shop_behind_doors, minivault_16
D:11:     layout_gridville, serial_shops, nicolae_shop_trees,
          introduction_to_nature_2
Temple:   regret_index_temple_sphere_string
Lair:1:   layout_roguey
Lair:2:   cheibrodos_lair_overgrown_chateau, layout_misc_corridors,
          kennysheep_rathole, serial_bayou_shore_b
Lair:3:   layout_regular_city, minmay_shoals_entry_centaurs,
          guppyfry_snake_entry_garden
Lair:4:   layout_regular_city, grunt_megastairs_5, uniq_kirke
Lair:5:   hellmonk_lair_end_abyssal_woods, layout_cave_pods, slime_entry_1,
          nicolae_lair_grazing_beasts [nicolae_sub_lair_graze_edge,
          nicolae_sub_lair_graze_edge, nicolae_sub_lair_graze_edge,
          nicolae_sub_lair_graze_edge]
Abyss:1:  base: Lair:5, guppyfry_abyss_exit_imp_island

Skill      XL: |  1  2  3  4  5  6  7  8  9 10 11 12 13 14 |
---------------+-------------------------------------------+-----
Axes           | 5 6 7 9 11 13 14 15 16 | 16.0
Fighting       | 4 5 9 10 | 10.0
Invocations    | 2 6 10 12 | 12.9
Dodging        | 5 |  5.0
Armour         | 5 8 10 13 | 13.9
Shields        | 7 11 15 | 15.0
Stealth        | |  1.5

Action                   |  1- 3 |  4- 6 |  7- 9 | 10-12 | 13-15 || total
-------------------------+-------+-------+-------+-------+-------++-------
Melee: Hand axe          |   152 |   151 |   364 |   318 |       ||   985
       Punch             |     2 |     1 |     4 |     6 |       ||    13
       War axe           |       |       |       |   214 |   831 ||  1045
Invok: Convert to Beogh  |       |     1 |       |       |       ||     1
       Recall Orcish Fol |       |       |     2 |    13 |     2 ||    17
       Stop Recall       |       |       |     1 |     6 |     1 ||     8
       Give Item to Name |       |       |       |     3 |     1 ||     4
       Smiting           |       |       |       |     8 |       ||     8
Evoke: Wand              |       |       |       |     4 |       ||     4
  Use: Potion            |     1 |       |     7 |     2 |     3 ||    13
       Scroll            |       |       |     8 |     6 |     6 ||    20
 Stab: Sleeping          |     7 |     1 |       |       |       ||     8
       Distracted        |       |       |       |     4 |    16 ||    20
       Confused          |       |       |       |     1 |       ||     1
Armor: Robe              |    20 |       |       |       |       ||    20
       Scale mail        |    41 |    41 |       |       |       ||    82
       Ring mail         |       |    29 |    25 |       |       ||    54
       Chain mail        |       |       |   146 |   313 |   383 ||   842
Dodge: Dodged            |    75 |    74 |   106 |   151 |   197 ||   603
       Repelled          |     4 |     2 |       |     2 |     6 ||    14
Block: Kite shield       |       |       |       |   166 |   419 ||   585

Table legend: (Time is in decaauts)
 A = Elapsed time spent in this place.
 B = Non-inter-level travel time spent in this place.
 C = Inter-level travel time spent in this place.
 D = Time resting spent in this place.
 E = Time spent auto-exploring this place.
 F = Levels seen in this place.
 G = Mean time per level.
                   A        B        C        D        E       F      G
               +--------+--------+--------+--------+--------+-----+--------+
         Total |  22220 |  18576 |   3644 |   2563 |   8708 |  20 | 1111.0 |
       Dungeon |  14423 |  11584 |   2839 |   1684 |   6123 |  11 | 1311.2 |
        Temple |    152 |    136 |     16 |      0 |      0 |   1 |  152.0 |
          Lair |   6262 |   5474 |    788 |    586 |   2558 |   5 | 1252.4 |
         Abyss |    547 |    547 |      0 |    149 |      0 |   1 |  547.0 |
       Ossuary |    444 |    444 |      0 |      0 |      0 |   1 |  444.0 |
        Bailey |    389 |    389 |      0 |    144 |     26 |   1 |  389.0 |
               +--------+--------+--------+--------+--------+-----+--------+

Top non-repeatable levels by time:
     D:4: 1769 daAuts
     D:2: 1675 daAuts
     D:9: 1491 daAuts
     D:5: 1467 daAuts
  Lair:1: 1415 daAuts
  Lair:2: 1375 daAuts
    D:10: 1299 daAuts
     D:7: 1294 daAuts
     D:6: 1280 daAuts
  Lair:4: 1254 daAuts
     D:8: 1215 daAuts
  Lair:5: 1131 daAuts
     D:3: 1117 daAuts
  Lair:3: 1084 daAuts
    D:11: 1010 daAuts
